Map: Magannatha LE

Players

ManlyManMeat - Winner!

  • Race: Zerg Zerg
  • League: Diamond
  • Spawn Location: 5:00

Griff

  • Race: Protoss Protoss
  • League: Diamond
  • Spawn Location: 11:00

VOD

Have the link to the VOD?

Description

Time

  • Played on: July 5, 2025, 2:15 p.m.
  • Length: 12:07
Show
View Real Time Build Order
Export as new Build Order

ManlyManMeat Zerg - Winner!

Build Orders: Hatch First 

Get SALT Encoding   

  12  0:00  Drone  
  13  0:08  Drone  
  14  0:18  Drone, Extractor  
  15  0:21  Overlord  
  15  0:40  Drone  
  16  0:46  Hatchery  
  15  0:50  Drone  
  15  0:54  Drone  
  18  0:57  Drone  
  18  1:10  Extractor  
  17  1:14  Spawning Pool  
  16  1:30  Drone  
  16  1:31  Drone  
  18  1:35  Drone  
  19  1:43  Drone  
  20  2:02  Queen  
  20  2:05  Queen  
  24  2:10  Drone  
  24  2:12  Drone  
  26  2:20  Zergling x4  
  28  2:24  Metabolic Boost  
  28  2:30  Overlord  
  28  2:35  Overlord  
  28  2:50  Drone x5  
  33  2:57  Drone  
  34  3:06  Hatchery  
  34  3:08  Drone x2  
  34  3:16  Zergling x4  
  36  3:22  Queen  
  38  3:27  Overlord  
  38  3:32  Drone x3  
  41  3:37  Drone  
  41  3:49  Drone x5  
  41  3:53  Zergling x6  
  49  3:56  Drone  
  49  3:57  Extractor  
  49  4:17  Spine Crawler  
  49  4:19  Spine Crawler  
  49  4:21  Drone  
  49  4:22  Drone x2, Baneling Nest  
  49  4:35  Overlord  
  49  4:36  Overlord x2  
  49  4:37  Evolution Chamber  
  48  4:47  Overlord  
  48  4:48  Overlord x2  
  48  4:53  Queen x2  
  48  4:58  Zergling x16  
  60  5:04  Spore Crawler  
  60  5:06  Spore Crawler  
  58  5:07  Drone  
  59  5:15  Zergling x6  
  59  5:16  Zergling x10  
  67  5:29  Baneling  
  67  5:30  Baneling x7  
  67  5:31  Zergling x10  
  70  5:57  Drone x3  
  70  5:58  Drone x6  
  70  6:04  Zerg Melee Weapons Level 1, Lair  
  79  6:07  Zergling x6  
  82  6:23  Zergling x8  
  82  6:24  Baneling x7  
  82  6:28  Baneling  
  70  6:47  Zergling x24  
  81  7:03  Queen x2  
  81  7:05  Zergling x12  
  81  7:06  Zergling x6  
  87  7:28  Zergling x14  
  77  7:45  Zergling x10  
  80  7:55  Zergling x2  
  80  7:56  Zergling x4  
  79  8:19  Spore Crawler  
  74  8:21  Zerg Melee Weapons Level 2  
  74  8:23  Zergling x18, Centrifugal Hooks  
  80  8:33  Overseer x2  
  78  8:36  Zergling x22  
  78  8:41  Hatchery  
  88  8:47  Overlord x2  
  88  8:50  Drone  
  88  8:51  Drone  
  88  8:53  Baneling, Evolution Chamber  
  88  8:54  Baneling x9  
  85  9:05  Pneumatized Carapace  
  79  9:17  Zergling x16  
  79  9:18  Zergling x8  
  83  9:26  Zergling x2  
  83  9:27  Zergling x12  
  89  9:35  Zerg Ground Armor Level 1  
  89  9:37  Zergling x10  
  94  9:42  Baneling x3  
  88  9:58  Zergling x26  
  98  10:04  Baneling  
  98  10:05  Baneling x4  
  91  10:18  Overseer  
  87  10:27  Zergling x20  
  88  10:35  Baneling x3  
  85  10:39  Extractor  
  85  10:40  Extractor  
  81  10:57  Baneling x4  
  79  11:15  Zergling x18  
  79  11:16  Zergling x4  
Show
View Real Time Build Order
Export as new Build Order

Griff Protoss 

Build Orders: 1 Gate Expand, Zealot Archon 

Get SALT Encoding   

  12  0:01  Probe  
  13  0:13  Probe  
  14  0:20  Pylon  
  14  0:25  Probe  
  15  0:34  Probe  
  15  0:40  Gateway  
  16  0:43  Probe  
  16  0:46  Assimilator  
  17  0:53  Probe  
  18  1:05  Probe  
  19  1:17  Probe  
  20  1:33  Nexus  
  20  1:37  Cybernetics Core  
  20  1:41  Assimilator  
  20  1:45  Probe  
  21  1:56  Pylon  
  21  1:59  Probe  
  22  2:04  Adept  
  22  2:06  Warp Gate  
  22  2:07  Gateway  
  24  2:25  Twilight Council  
  24  2:28  Probe  
  25  2:36  Adept  
  27  2:40  Probe  
  28  2:45  Probe  
  29  2:52  Probe  
  29  2:53  Stalker  
  29  2:57  Probe  
  33  3:05  Probe, Charge  
  34  3:14  Probe  
  34  3:17  Probe  
  36  3:20  Robotics Facility  
  36  3:26  Probe  
  37  3:29  Probe  
  38  3:38  Probe  
  38  3:41  Probe  
  40  3:51  Probe  
  40  3:53  Probe  
  42  3:56  Gateway  
  42  3:58  Gateway  
  42  4:00  Gateway  
  42  4:01  Warp Prism  
  42  4:06  Pylon  
  42  4:10  Pylon  
  44  4:20  Probe x2  
  44  4:24  Pylon  
  46  4:26  Pylon  
  46  4:29  Gateway  
  46  4:33  Zealot  
  46  4:34  Zealot  
  50  4:43  Assimilator  
  50  4:45  Assimilator  
  50  4:48  Probe x2  
  52  4:56  Dark Shrine  
  52  5:00  Probe  
  52  5:02  Probe  
  54  5:09  Pylon  
  54  5:10  Pylon  
  54  5:12  Gateway, Probe  
  55  5:15  Gateway  
  55  5:23  Zealot x3  
  55  5:24  Zealot  
  63  5:31  Zealot x2  
  59  6:02  Zealot x4  
  59  6:03  Zealot x2  
  71  6:18  Dark Templar  
  71  6:19  Dark Templar  
  65  6:32  Dark Templar x5  
  71  6:33  Dark Templar  
  77  6:40  Archon x3  
  61  6:58  Zealot  
  61  6:59  Zealot  
  58  7:07  Zealot  
  58  7:08  Zealot x5  
  56  7:33  Zealot x4  
  50  7:56  Probe x2  
  48  8:08  Probe x2  
  50  8:16  Dark Templar x3  
  50  8:20  Probe  
  50  8:23  Probe  
  52  8:32  Probe  
  53  8:35  Probe  
  54  8:44  Probe  
  54  8:47  Probe  
  56  8:56  Probe  
  56  8:59  Probe  
  58  9:08  Probe  
  58  9:09  Dark Templar x3, Archon  
  57  9:11  Probe  
  57  9:13  Archon  
  54  9:20  Probe  
  49  9:29  Zealot x4  
  55  10:06  Zealot x7  
  36  10:39  Probe x2  
  38  10:48  Zealot x2  
  42  10:51  Probe  
  42  10:52  Probe  
  44  11:06  Pylon  
  44  11:07  Probe x2  
  30  11:19  Probe  
Tags
 
Add a new tag
Caveats
  • Supply blocks, unpowered buildings, or Contaminate may cause inaccurate times.
  • Supply counts are checked every 10 seconds.